 Dungeon Sprint DCSS version 0.17-a0-226-ge260c71 (webtiles) character file.

6778 BluebellGnoll the Eclecticist (level 11, -2/67 HPs)
             Began as an Octopode Fire Elementalist on Mar 28, 2015.
             Was the Champion of Vehumet.
             Slain by an emperor scorpion (14 damage)
             ... in the Dungeon (Sprint V: "Ziggurat Sprint").
             The game lasted 00:22:59 (1313 turns).

BluebellGnoll the Eclecticist (OpFE)                Turns: 1313, Time: 00:23:00

Health: -2/67      AC:  1    Str: 14    XL:     11   Next: 4%
Magic:  6/33       EV: 26    Int: 45    God:    Vehumet [******]
Gold:   0          SH:  0    Dex: 33    Spells: 11 memorised, 8 levels left

rFire  + . .     SeeInvis .     X - +8 quarterstaff of Defence by Offence {crush, Str-5 Int+11 Dex+4}
rCold  + + .     Clarity  .     (no shield)
rNeg   + . .     SustAb   .     (helmet restricted)
rPois  .         Gourm    +     Z - amulet of the gourmand
rElec  .         Spirit   .     m - +6 ring of dexterity
rCorr  .         Warding  .     n - +6 ring of dexterity
rMut   .         NoTele   +     o - +6 ring of intelligence
MR     ++...                    p - +6 ring of intelligence
Stlth  ++++......               N - ring "Fotwusye" {+Fly Str+6}
                                r - +6 ring of strength
                                M - ring "Jananaem" {rC+ MR++ Dex+5 Stlth-}
                                T - ring of Rungam {rF+ rC+ rN+ Stlth+}

@: lethally poisoned (-2 -> -37), very slightly contaminated, hasted, very
quick, very resistant to hostile enchantments, stealthy
A: almost no armour, amphibious, 8 rings, constrict 8, camouflage 1, gelatinous
body 1
a: Renounce Religion, Evoke Flight


You were in the Dungeon.
You worshipped Vehumet.
Vehumet was exalted by your worship.
You were not hungry.

You visited 1 branch

Inventory:

Hand weapons
 I - a +5 lajatang
 X - the +8 quarterstaff of Defence by Offence (weapon) {crush, Str-5 Int+11 Dex+4}
   (You found it in the Dungeon)

   It inflicts extra damage upon your enemies.
   It affects your strength (-5).
   It affects your intelligence (+11).
   It affects your dexterity (+4).
Magical staves
 s - an uncursed staff of energy
 y - an uncursed staff of power
Rods
 Q - a +9 rod of clouds (14/14)
   (You found it in the Dungeon)
Jewellery
 m - a +6 ring of dexterity (left tentacle)
 n - a +6 ring of dexterity (right tentacle)
 o - a +6 ring of intelligence (on tentacle)
 p - a +6 ring of intelligence (on tentacle)
 r - a +6 ring of strength (on tentacle)
 M - the ring "Jananaem" (on tentacle) {rC+ MR++ Dex+5 Stlth-}
   (You found it in the Dungeon)

   [ring of protection from cold]

   It affects your dexterity (+5).
   It protects you from cold.
   It affects your resistance to hostile enchantments.
   It makes you less stealthy.
 N - the ring "Fotwusye" (on tentacle) {+Fly Str+6}
   (You found it in the Dungeon)

   [ring of flight]

   It affects your strength (+6).
   It lets you fly.
 T - the ring of Rungam (on tentacle) {rF+ rC+ rN+ Stlth+}
   (You found it in the Dungeon)

   [ring of positive energy]

   It protects you from fire.
   It protects you from cold.
   It protects you from negative energy.
   It makes you more stealthy.
 Z - an amulet of the gourmand (around mantle)
Magical devices
 a - a wand of disintegration (7)
 j - a wand of fire (5)
 k - a wand of cold (5)
 l - a wand of draining (5)
Scrolls
 i - 4 scrolls of blinking
 x - 4 scrolls of amnesia
 z - 7 scrolls of fog
 A - a scroll of holy word
 B - 5 scrolls of identify
 C - 5 scrolls of remove curse
 D - 2 scrolls of fear
Potions
 d - 10 potions of curing
 e - 8 potions of heal wounds
 f - 4 potions of haste
 g - 7 potions of magic
 h - 3 potions of berserk rage
 E - 2 potions of brilliance
 F - a potion of invisibility
 G - 2 potions of restore abilities
 H - 4 potions of resistance
 J - 4 potions of agility
 K - 5 potions of might
Books
 b - a book of Flames

   Spells                             Type                      Level
   a - Flame Tongue                   Conjuration/Fire             1
   b - Throw Flame                    Conjuration/Fire             2
   c - Conjure Flame                  Conjuration/Fire             3
   d - Inner Flame                    Hexes/Fire                   3
   e - Sticky Flame                   Conjuration/Fire             4
   f - Fireball                       Conjuration/Fire             5
 q - the Catalogue of Companions
   (You found it in the Dungeon)

   Spells                             Type                      Level
   a - Summon Small Mammal            Summoning                    1
   b - Abjuration                     Summoning                    3
   c - Summon Hydra                   Summoning                    7
   d - Dragon's Call                  Summoning                    9
 O - the Disquisition on the Ghastly Oath
   (You found it in the Dungeon)

   Spells                             Type                      Level
   a - Pain                           Necromancy                   1
   b - Ensorcelled Hibernation        Hexes/Ice                    2
   c - Sublimation of Blood           Necromancy                   2
   d - Confuse                        Hexes                        3
   e - Mass Confusion                 Hexes                        6
   f - Simulacrum                     Ice/Necromancy               6
 S - a Grand Grimoire This book is beyond your current level of understanding.

   Spells                             Type                      Level
   a - Aura of Abjuration             Summoning                    6
   b - Summon Greater Demon           Summoning                    7
   c - Malign Gateway                 Summoning/Translocation      7
   d - Summon Horrible Things         Summoning                    8
 U - the Guide on Aid
   (You found it in the Dungeon)

   Spells                             Type                      Level
   a - Infusion                       Charms                       1
   b - Shroud of Golubria             Charms/Translocation         2
   c - Repel Missiles                 Charms/Air                   2
   d - Haste                          Charms                       6
 V - a book of Geomancy

   Spells                             Type                      Level
   a - Sandblast                      Earth                        1
   b - Stoneskin                      Transmutation/Earth          2
   c - Passwall                       Transmutation/Earth          3
   d - Stone Arrow                    Conjuration/Earth            3
   e - Petrify                        Transmutation/Earth          4
   f - Lee's Rapid Deconstruction     Earth                        5
Miscellaneous
 t - a crystal ball of energy
 L - a lamp of fire
 P - a phantom mirror
 R - a box of beasts
 W - a legendary deck of defence
 Y - a plain deck of destruction
Comestibles
 c - 5 bread rations
 u - a chunk of flesh
 v - 42 fruits
 w - 3 meat rations


   Skills:
 - Level 3.2 Fighting
 - Level 5.2 Staves
 - Level 10.3 Dodging
 - Level 2.6 Stealth
 + Level 15.1 Spellcasting
 - Level 11.0 Conjurations
 - Level 9.8 Hexes
 - Level 1.4 Charms
 - Level 7.2 Fire Magic


You had 8 spell levels left.
You knew the following spells:

 Your Spells              Type           Power        Failure   Level  Hunger
a - Flame Tongue          Conj/Fire      #####        1%          1    None
b - Throw Flame           Conj/Fire      ######       1%          2    None
c - Mass Confusion        Hex            #######...   1%          6    None
d - Inner Flame           Hex/Fire       #######.     1%          3    None
e - Sticky Flame          Conj/Fire      #######.     1%          4    None
f - Fireball              Conj/Fire      #######...   1%          5    None
g - Dazzling Spray        Conj/Hex       #######.     1%          3    None
h - Stone Arrow           Conj/Erth      ######       1%          3    None
i - Shroud of Golubria    Chrm/Tloc      #####.....   1%          2    None
r - Repel Missiles        Chrm/Air       #####.       1%          2    None
z - Apportation           Tloc           ####......   1%          1    None


Dungeon Overview and Level Annotations

Branches:
Dungeon (1/1)

Altars:
Ashenzari
Cheibriados
Dithmenos
Elyvilon
Fedhas
Gozag
Kikubaaqudgha
Makhleb
Nemelex Xobeh
Okawaru
Qazlal
Ru
Sif Muna
Trog
Vehumet
Xom
Yredelemnul
Zin
The Shining One
Beogh
Jiyva
Lugonu


Innate Abilities, Weirdness & Mutations

You cannot wear most types of armour.
You are amphibious.
You can wear up to eight rings at the same time.
You can use your tentacles to constrict many enemies at once.
Your skin changes colour to match your surroundings (Stealth).
Your rubbery body absorbs attacks (AC +1).


Message History

Casting: Stone Arrow
Confirm with . or Enter, or press ? or * to list all spells.
Aiming: Fireball
Press: ? - help, Shift-Dir - straight line, p - emperor scorpion The fireball explodes!
The fireball engulfs the emperor scorpion.
The emperor scorpion is almost dead.
The fireball engulfs the redback.
You kill the redback!
Vehumet accepts your kill.
You feel your power returning.
Your Spellcasting skill increases to level 15!
* * * LOW HITPOINT WARNING * * *
You feel very sick.
Unknown command.
Drink which item? (? for menu, Esc to quit)
You feel much better.
You feel sick. The emperor scorpion stings you!!
* * * LOW HITPOINT WARNING * * *
The emperor scorpion claws you!
You die...

[)| ▓..).)))..▓
..}:?\)..▓...)÷)...▓
▓.........▓.......).▓
▓.........▓.........▓
▓.........▓.........▓
▓.....†...▓.........▓
▓.........▓.▓.....▓.▓
▓....s....▓.........▓
▓....@....▓▓▓▓▓▓▓▓▓▓▓
▓▓▓▓▓▓▓▓▓▓▓


You could see an emperor scorpion.

Vanquished Creatures
  A deep elf knight (D)
  A deep elf conjurer (D)
  An orb spider (D)
  A hornet (D)
  2 naga magi (D)
  2 two-headed ogres (D)
  A wind drake (shapeshifter) (D)
  An air elemental (D)
  2 redbacks (D)
  3 spriggans (D)
  A trapdoor spider (D)
  2 tarantellas (D)
  3 deep elf magi (D)
  A water moccasin (D)
  2 deep elf fighters (D)
  2 wolves (D)
  An insubstantial wisp (D)
  2 nagas (D)
  2 orc warriors (D)
  2 porcupines (D)
  A black bear (D)
  2 ogres (D)
  A wasp (D)
  9 orc priests (D)
  2 iguanas (D)
  5 orc wizards (D)
  A sheep (D)
  3 adders (D)
  2 orcs (D)
  A ball python (D)
  2 fungi (D)
62 creatures vanquished.

Vanquished Creatures (others)
  Frederick (D)
  the Enchantress (D)
  Nikola (D)
  Polyphemus (D)
  Agnes (D)
  Ilsuiw (D)
  Gastronok (D)
  Josephine (D)
  Erica (D)
  Maurice (D)
  Prince Ribbit (D)
  Eustachio (D)
  Purgy (D)
  A scorpion (D)
  Crazy Yiuf (D)
  Ijyb (D)
16 creatures vanquished.

Grand Total: 78 creatures vanquished

Notes
Turn   | Place    | Note
--------------------------------------------------------------
     0 | D        | BluebellGnoll, the Octopode Fire Elementalist, began the quest for the Orb.
     0 | D        | Reached XP level 1. HP: 11/11 MP: 3/3
     0 | D        | Found a viscous altar of Jiyva.
     0 | D        | Found a corrupted altar of Lugonu.
     0 | D        | Found a white marble altar of Elyvilon.
     2 | D        | Found a sparkling altar of Nemelex Xobeh.
     2 | D        | Found a burning altar of Makhleb.
     2 | D        | Found a deep blue altar of Sif Muna.
     3 | D        | Found a bloodstained altar of Trog.
     5 | D        | Killed Crazy Yiuf
     6 | D        | Found an iron altar of Okawaru.
    20 | D        | Found a radiant altar of Vehumet.
    20 | D        | Killed Eustachio
    21 | D        | Killed Erica
    23 | D        | Found a basalt altar of Yredelemnul.
    24 | D        | Found a shimmering altar of Xom.
    31 | D        | Reached skill level 7 in Spellcasting
    31 | D        | Reached XP level 2. HP: 17/17 MP: 4/12
    37 | D        | Killed Maurice
    40 | D        | Became a worshipper of Vehumet
    52 | D        | Killed Josephine
   103 | D        | Killed Purgy
   104 | D        | Killed Prince Ribbit
   110 | D        | Killed the Enchantress
   126 | D        | Learned a level 2 spell: Throw Flame
   129 | D        | Entered arena 1.
   129 | D        | Noticed an insubstantial wisp
   129 | D        | Noticed an air elemental
   134 | D        | Killed an insubstantial wisp
   134 | D        | Reached XP level 3. HP: 21/21 MP: 14/14
   134 | D        | Reached XP level 4. HP: 27/27 MP: 17/17
   134 | D        | Reached XP level 5. HP: 31/31 MP: 18/18
   138 | D        | Killed an air elemental
   138 | D        | Reached skill level 8 in Spellcasting
   138 | D        | Reached XP level 6. HP: 22/36 MP: 22/22
   145 | D        | Learned a level 5 spell: Fireball
   146 | D        | Entered arena 2.
   146 | D        | Noticed an orc priest
   146 | D        | Noticed an orc priest
   146 | D        | Noticed an orc priest
   151 | D        | Killed an orc priest
   152 | D        | Killed an orc priest
   152 | D        | Reached skill level 9 in Spellcasting
   153 | D        | Killed an orc priest
   153 | D        | Acquired Vehumet's first power
   153 | D        | Offered knowledge of Magic Dart by Vehumet.
   158 | D        | Got the ring "Jananaem" {rC+ MR++ Dex+5 Stlth-}
   160 | D        | Entered arena 3.
   160 | D        | Noticed a two-headed ogre
   160 | D        | Noticed a two-headed ogre
   160 | D        | Noticed an ogre
   160 | D        | Noticed an ogre
   161 | D        | Killed an ogre
   161 | D        | Reached XP level 7. HP: 26/41 MP: 24/24
   161 | D        | Killed a two-headed ogre
   162 | D        | Killed an ogre
   162 | D        | Reached skill level 10 in Conjurations
   162 | D        | Killed a two-headed ogre
   162 | D        | Reached skill level 11 in Conjurations
   162 | D        | Reached XP level 8. HP: 23/46 MP: 22/25
   174 | D        | Identified the Disquisition on the Ghastly Oath (You found it in the Dungeon)
   182 | D        | Learned a level 6 spell: Mass Confusion
   184 | D        | Entered arena 4.
   184 | D        | Noticed a deep elf mage
   184 | D        | Noticed a deep elf conjurer
   184 | D        | Noticed a deep elf fighter
   184 | D        | Noticed a deep elf mage
   185 | D        | Killed a deep elf mage
   185 | D        | Killed a deep elf fighter
   185 | D        | Reached skill level 5 in Hexes
   186 | D        | Killed a deep elf mage
   186 | D        | Acquired Vehumet's second power
   186 | D        | Killed a deep elf conjurer
   186 | D        | Reached XP level 9. HP: 36/51 MP: 19/26
   235 | D        | Killed Ijyb
   295 | D        | Learned a level 3 spell: Inner Flame
   295 | D        | Entered arena 5.
   295 | D        | Noticed an iguana
   295 | D        | Noticed a porcupine
   295 | D        | Noticed a porcupine
   295 | D        | Noticed an iguana
   297 | D        | Killed an iguana
   297 | D        | Reached skill level 1 in Fighting
   297 | D        | Killed a porcupine
   297 | D        | Killed an iguana
   297 | D        | Acquired Vehumet's third power
   297 | D        | Killed Polyphemus
   304 | D        | Killed Ilsuiw
   309 | D        | Killed a porcupine
   309 | D        | Offered knowledge of Shock by Vehumet.
   449 | D        | Entered arena 6.
   449 | D        | Noticed a lindwurm
   449 | D        | Noticed a deep elf knight
   449 | D        | Noticed a deep elf fighter
   449 | D        | Noticed a deep elf mage
   452 | D        | Killed a deep elf mage
   453 | D        | Killed a deep elf knight
   453 | D        | Reached skill level 10 in Spellcasting
   454 | D        | Noticed a komodo dragon
   454 | D        | a lindwurm changed into a komodo dragon
   457 | D        | Killed a deep elf fighter
   459 | D        | a komodo dragon changed into a wind drake
   460 | D        | Reached skill level 5 in Staves
   471 | D        | Got the ring of Rungam {rF+ rC+ rN+ Stlth+}
   618 | D        | Learned a level 4 spell: Sticky Flame
   618 | D        | Entered arena 7.
   618 | D        | Noticed a spriggan
   618 | D        | Noticed a wolf
   618 | D        | Noticed a wolf
   618 | D        | Noticed a spriggan
   618 | D        | Noticed a spriggan
   618 | D        | Noticed a black bear
   620 | D        | Killed a spriggan
   620 | D        | Offered knowledge of Dazzling Spray by Vehumet.
   620 | D        | Killed a black bear
   620 | D        | Reached XP level 10. HP: 56/63 MP: 27/29
   620 | D        | Killed a spriggan
   623 | D        | Killed a spriggan
   628 | D        | Killed a wolf
   628 | D        | Reached skill level 10 in Dodging
   632 | D        | Killed a wolf
   640 | D        | Got the ring "Fotwusye" {+Fly Str+6}
   704 | D        | Killed Gastronok
   784 | D        | Killed Agnes
   810 | D        | Learned a level 3 spell: Dazzling Spray
   810 | D        | Entered arena 8.
   810 | D        | Noticed an orc wizard
   810 | D        | Noticed an orc priest
   810 | D        | Noticed an orc priest
   810 | D        | Noticed an orc warrior
   810 | D        | Noticed an orc priest
   810 | D        | Noticed an orc wizard
   810 | D        | Noticed an orc priest
   812 | D        | Killed an orc priest
   812 | D        | Offered knowledge of Force Lance by Vehumet.
   812 | D        | Killed an orc priest
   812 | D        | Killed an orc priest
   815 | D        | Killed an orc wizard
   819 | D        | Killed an orc priest
   823 | D        | Killed an orc warrior
   825 | D        | Killed an orc wizard
   842 | D        | Identified the Guide on Aid (You found it in the Dungeon)
   846 | D        | Learned a level 2 spell: Repel Missiles
   854 | D        | Learned a level 3 spell: Stone Arrow
   897 | D        | Killed Frederick
   931 | D        | Entered arena 9.
   931 | D        | Noticed an orc wizard
   931 | D        | Noticed an orc priest
   931 | D        | Noticed an orc warrior
   931 | D        | Noticed an orc priest
   931 | D        | Noticed an orc wizard
   931 | D        | Noticed an orc wizard
   934 | D        | Killed an orc wizard
   937 | D        | Killed an orc wizard
   938 | D        | Killed Nikola
   942 | D        | Killed an orc warrior
   942 | D        | Reached skill level 1 in Charms
   945 | D        | Killed an orc priest
   945 | D        | Reached skill level 12 in Spellcasting
   950 | D        | Killed an orc priest
   951 | D        | Killed an orc wizard
   969 | D        | Learned a level 1 spell: Apportation
   987 | D        | Got the +8 quarterstaff of Defence by Offence {crush, Str-5 Int+11 Dex+4}
   993 | D        | Learned a level 2 spell: Shroud of Golubria
  1196 | D        | Entered arena 10.
  1196 | D        | Noticed a naga mage
  1196 | D        | Noticed a naga
  1196 | D        | Noticed a naga
  1196 | D        | Noticed a water moccasin
  1196 | D        | Noticed a naga mage
  1198 | D        | Offered knowledge of Lightning Bolt by Vehumet.
  1199 | D        | Killed a naga
  1202 | D        | Killed a naga mage
  1202 | D        | Killed a naga mage
  1202 | D        | Reached skill level 13 in Spellcasting
  1206 | D        | Killed a water moccasin
  1207 | D        | Killed a naga
  1215 | D        | Identified the Catalogue of Companions (You found it in the Dungeon)
  1300 | D        | Entered arena 11.
  1300 | D        | Noticed a tarantella
  1300 | D        | Noticed an orb spider
  1300 | D        | Noticed a hornet
  1300 | D        | Noticed a tarantella
  1300 | D        | Noticed an emperor scorpion
  1300 | D        | Noticed a wasp
  1300 | D        | Noticed a redback
  1301 | D        | Killed a wasp
  1301 | D        | Killed a tarantella
  1301 | D        | Killed an orb spider
  1301 | D        | Reached skill level 14 in Spellcasting
  1302 | D        | Noticed a scorpion
  1302 | D        | Noticed a redback
  1303 | D        | Killed a hornet
  1303 | D        | Killed a redback
  1304 | D        | Noticed a trapdoor spider
  1305 | D        | Killed a trapdoor spider
  1305 | D        | Reached XP level 11. HP: 67/67 MP: 24/33
  1307 | D        | Killed a scorpion
  1308 | D        | Killed a tarantella
  1312 | D        | Killed a redback
  1312 | D        | Reached skill level 15 in Spellcasting
  1313 | D        | Slain by an emperor scorpion

Action                   |  1- 3 |  4- 6 |  7- 9 | 10-12 || total
-------------------------+-------+-------+-------+-------++-------
Melee: Quarterstaff      |     2 |     5 |     2 |     2 ||    11
 Cast: Fireball          |       |       |     8 |    13 ||    21
       Flame Tongue      |       |       |    13 |    33 ||    46
       Throw Flame       |       |       |     4 |    14 ||    18
       Mass Confusion    |       |       |     3 |     4 ||     7
       Sticky Flame      |       |       |       |     1 ||     1
       Shroud of Golubri |       |       |       |     1 ||     1
       Stone Arrow       |       |       |       |     4 ||     4
  Use: Potion            |     5 |       |     1 |     2 ||     8
       Scroll            |       |       |       |     4 ||     4
 Stab: Sleeping          |     1 |     4 |       |       ||     5
  Eat: Meat ration       |     1 |       |       |       ||     1
       Chunk             |       |       |       |     2 ||     2
